AoeStats
← BYoooo

Arabia

510320397Analyzed
1v1 RM · 2d ago on Sep 30, 2026· 32m 31s· 2 players
Game mode
Random Map
Map size
Tiny (2 player)
Population
200
Speed
Normal
Resources
Standard
Victory
Conquest
Starting age
Dark Age
Ending age
Imperial Age
RankedLock teamsTeams togetherTeam positionsShared explorationLock speedFull tech treeHidden civsTurbo modeCheats
Victory
Defeat
🇷🇺 Khmer · Russia
729
+20
🇩🇪 Franks · Germany
706
-15
BYoooo
10:45 Feudal Age
11:13 Double-Bit Axe
15:39 Castle Age
14:56 Loom
15:52 Wheelbarrow
17:40 Bow Saw
19:38 Squires
18:58 Pikeman
23:31 Husbandry
25:02 Squires
26:54 Stone Mining
27:54 Pikeman
29:11 Scale Barding Armor
29:17 Forging
31:33 Iron Casting
31:19 Chain Barding Armor
31:41 Scale Mail Armor
shprot
11:59 Feudal Age
10:29 Loom
12:28 Horse Collar
12:34 Double-Bit Axe
15:32 Castle Age
17:09 Scale Barding Armor
19:22 Forging
20:15 Chain Barding Armor
20:36 Husbandry
25:11 Iron Casting
25:42 Bloodlines
Connection lost

Rejoining the realm…

Still unreachable

The connection could not be restored.

Session expired

The server has moved on; the page needs a fresh start.